 Dungeon Crawl Stone Soup version 0.30-a0-571-gdf30a72648 (webtiles) character file.

Game seed: 3929996036210133069

72 billz999 the Magician (level 4, -1/31 HPs)
             Began as a Djinni Ice Elementalist on Dec 29, 2022.
             Slain by Grinder (2 damage)
             ... on level 3 of the Dungeon.
             The game lasted 00:04:16 (1422 turns).

billz999 the Magician (Djinni Ice Elementalist)     Turns: 1422, Time: 00:04:17

Health: -1/31      AC:  3    Str:  7    XL:     4   Next: 50%
Gold:   98         EV: 12    Int: 18    God:
                   SH:  0    Dex: 14

rFire   + + +      SeeInvis .    j - +5 hand axe
rCold   x . .      Faith    .    (no shield)
rNeg    + . .      Spirit   .    a - +0 robe
rPois   ∞          Reflect  .    o - +0 helmet
rElec   .          Harm     .    (no cloak)
rCorr   .          Rampage  .    (no gloves)
Will    .....                    (boots unavailable)
Stlth   ++                       (no amulet)
HPRegen 0.25/turn                d - ring of positive energy
MPRegen 0.00/turn                f - ring of protection from fire

@: flying
A: sickness immunity, fire resistance 2, cold vulnerability 1, float, innate
caster, HP casting, extra vitality 1
a: no special abilities


You were on level 3 of the Dungeon.
You visited 1 branch of the dungeon, and saw 3 of its levels.

You collected 140 gold pieces.
You spent 42 gold pieces at shops.

Inventory:

Hand Weapons
 j - a +5 hand axe (weapon)
Missiles
 g - 2 boomerangs
Armour
 a - a +0 robe (worn)
 o - a +0 helmet (worn)
Magical Staves
 m - a staff of conjuration
Jewellery
 d - a ring of positive energy (left hand)
 f - a ring of protection from fire (right hand)
Scrolls
 e - a scroll of noise
 i - a scroll of enchant weapon {unknown}
 n - a scroll of fog {unknown}
Potions
 b - a potion of magic
 c - a potion of curing
 h - a potion of heal wounds {unknown}
 l - 2 potions of brilliance {unknown}
 p - a potion of flight {unknown}


   Skills:
 + Level 1.3 Axes
 - Level 2.4 Dodging
 - Level 1.8 Stealth
 * Level 4.0 Spellcasting


You couldn't memorise any spells.
You knew the following spells:

 Your Spells              Type           Power      Damage    Failure   Level
a - Freeze                Ice            72%        1d8       2%          1
b - Frozen Ramparts       Ice            36%        1d6       9%          3
c - Ozocubu's Armour      Ice            18%        N/A       9%          3
d - Summon Ice Beast      Ice/Summ       18%        N/A       26%         4
e - Slow                  Hex            72%        N/A       2%          1
Your spell library was empty.

Dungeon Overview and Level Annotations

Branches:
Dungeon (3/15)

Altars:

Shops:
D:2 !

Annotations:
D:3 Grinder


Innate Abilities, Weirdness & Mutations

You are immune to sickness and miasma.
You are immune to poison.
Your flesh is very heat resistant. (rF++)
You are vulnerable to cold. (rC-)
You float through the air rather than walking.
You learn spells naturally, not from books.
Your magical power is your life essence.
You have superior vitality. (+4 MHP)


Message History

* * * LOW HITPOINT WARNING * * *
The wall freezes Grinder but does no damage.
Grinder hits you.
* * * LOW HITPOINT WARNING * * *
You writhe in agony.
* * * LOW HITPOINT WARNING * * *
Unknown command.
Blink to where?
Press: ? - help, Dir - move target, p - Grinder Your icy armour and frozen ramparts will break if you move.
Continue? [Y]es or [N]o only, please.
Your icy armour and frozen ramparts will break if you move.
Continue?
Your icy armour cracks and falls away as you move.
The frozen ramparts melt away as you move.
As you read the scroll of blinking, it crumbles to dust.
Your magical contamination has completely faded away.
Grinder blinks!
Found a fuming brown potion.
Okay, then.
As you read the scroll labelled RUCUEC CEMIU, it crumbles to dust.
You hear a loud clanging noise!
It was a scroll of noise.
You hear a shout! x4
Grinder gestures at you. You resist with significant effort.
Jessica the Apprentice Sorceress comes into view.
She is wielding a +2 dagger of pain.
You slash Jessica!
You kill Jessica!
A goblin comes into view. It is wielding a +0 club.
Your Spellcasting skill increases to level 4!
You have reached level 4!
You feel agile.
Found a stone staircase leading down.
A ball python comes into view.
Grinder grins, showing sharp teeth.
Items here: ! ) [ †.
Grinder attacks as you move away! Grinder hits you!
* * * LOW HITPOINT WARNING * * *
You writhe in agony.
You die...

#..............#
#g##...........#
#.#<...........###
#.#............#..
#.#............#.#
#.##..............
###.#..########.##..
#...5.## #+##..
#..#@### #.. #>..S.#
#.. #####.# ### ..
..# ..# ..# ...


You could see Grinder, a goblin and a ball python.

Vanquished Creatures
  Jessica (D:3)
  3 adders
  A bat (D:1)
  2 endoplasms
  2 goblins
  3 jackals (D:2)
  2 quokkas
  A ball python (D:3)
  5 rats
20 creatures vanquished.

Notes
Turn   | Place    | Note
-------+----------+-------------------------------------------
     0 | D:1      | billz999 the Djinni Ice Elementalist began the quest for
                  | the Orb.
     0 | D:1      | billz999 set off with the following spells memorised:
                  | Freeze, Frozen Ramparts, Ozocubu's Armour, Summon Ice
                  | Beast.
     0 | D:1      | Reached XP level 1. HP: 15/15 MP: 0/0
   226 | D:1      | Reached XP level 2. HP: 17/21 MP: 0/0
   564 | D:2      | Reached XP level 3. HP: 21/25 MP: 0/0
   564 | D:2      | Learned a level 1 spell: Slow
   651 | D:2      | Found Puecig's Distillery.
   671 | D:2      | Bought a potion of curing for 42 gold pieces
  1160 | D:3      | Noticed Grinder
  1169 | D:3      | Paralysed by Grinder for 5 turns
  1283 | D:3      | Paralysed by Grinder for 4 turns
  1331 | D:3      | Reached skill level 1 in Axes
  1401 | D:3      | Paralysed by Grinder for 3 turns
  1419 | D:3      | Noticed Jessica
  1420 | D:3      | Killed Jessica
  1421 | D:3      | Reached skill level 4 in Spellcasting
  1421 | D:3      | Reached XP level 4. HP: 8/31 MP: 0/0
  1422 | D:3      | HP: 1/31 [Grinder (8)]
  1422 | D:3      | Slain by Grinder

Illustrated notes

Levels and vault maps discovered:
D:1:      scummos_arrival_hexagon, layout_rooms, minmay_crystal_water
D:2:      layout_loops_ring, serial_shops, nicolae_shop_advertising_works
          [nicolae_subvault_shop_adworks]
D:3:      minmay_chambers_of_twos, layout_basic, uniq_jessica, uniq_grinder

Skill      XL: |  1  2  3 |
---------------+----------+-----
Axes           | 1 |  1.3
Spellcasting   | 4 |  4.0
Dodging        | |  2.4
Stealth        | |  1.8

Action                   |  1- 3 |  4- 6 || total
-------------------------+-------+-------++-------
Melee: Unarmed           |     1 |       ||     1
       Hand axe          |    11 |       ||    11
Throw: Boomerang         |     1 |       ||     1
 Cast: Freeze            |    30 |       ||    30
       Frozen Ramparts   |     3 |       ||     3
       Ozocubu's Armour  |     2 |       ||     2
  Use: Scroll            |     4 |       ||     4
       Potion            |     1 |       ||     1
Armor: Robe              |     4 |       ||     4
Dodge: Dodged            |    24 |       ||    24

Table legend: (Time is in decaauts)
 A = Elapsed time spent in this place.
 B = Non-inter-level travel time spent in this place.
 C = Inter-level travel time spent in this place.
 D = Time resting spent in this place.
 E = Time spent auto-exploring this place.
 F = Levels seen in this place.
 G = Mean time per level.
                   A        B        C        D        E       F      G
               +--------+--------+--------+--------+--------+-----+--------+
         Total |   1424 |   1319 |    105 |     66 |   1014 |   3 |  474.7 |
       Dungeon |   1424 |   1319 |    105 |     66 |   1014 |   3 |  474.7 |
               +--------+--------+--------+--------+--------+-----+--------+

Top non-repeatable levels by time:
     D:2: 822 daAuts
     D:1: 428 daAuts
     D:3: 173 daAuts
